 Dungeon Crawl Stone Soup version 0.25-a0-613-gf4b266557c (webtiles) character file.

Game seed: 3600165512728095618, levelgen mode: deterministic

92 Notrik the Skirmisher (level 4, -2/31 HPs)
             Began as a Gargoyle Fighter on Mar 17, 2020.
             Killed from afar by Sigmund (4 damage)
             ... with a magic dart
             ... on level 2 of the Dungeon.
             The game lasted 00:02:57 (1502 turns).

Notrik the Skirmisher (Gargoyle Fighter)            Turns: 1502, Time: 00:02:58

Health: -2/31      AC: 14    Str: 21    XL:     4   Next: 60%
Magic:  4/4        EV:  7    Int:  8    God:
Gold:   103        SH:  0    Dex:  9    Spells: 3/3 levels left

rFire    . . .     SeeInvis .   a - +0 flail
rCold    . . .     Gourm    +   c - +0 kite shield
rNeg     + . .     Faith    .   b - +0 scale mail
rPois    ∞         Spirit   .   (no helmet)
rElec    +         Reflect  .   o - +2 cloak
rCorr    .         Harm     .   (no gloves)
MR       .....                  n - +0 pair of boots
Stlth    ..........             k - amulet of the gourmand
HPRegen  0.10/turn              (no ring)
MPRegen  0.09/turn              (no ring)

@: confused
A: negative energy resistance 1, electricity resistance, unbreathing,
petrification resistance, rot immunity, AC +3
a: no special abilities


You were on level 2 of the Dungeon.
You were completely stuffed.

You visited 1 branch of the dungeon, and saw 2 of its levels.

You collected 103 gold pieces.

Inventory:

Hand Weapons
 a - a +0 flail (weapon)
Armour
 b - a +0 scale mail (worn)
 c - a +0 kite shield (worn)
 n - a +0 pair of boots (worn)
   (You found it on level 1 of the Dungeon)
 o - a +2 cloak (worn)
   (You found it on level 2 of the Dungeon)
Jewellery
 k - an amulet of the gourmand (around neck)
   (You found it on level 1 of the Dungeon)
 p - an uncursed ring of poison resistance {unknown}
   (You found it on level 2 of the Dungeon)
 q - a cursed -4 ring of protection {unknown}
   (You found it on level 2 of the Dungeon)
Scrolls
 f - 2 scrolls of immolation {unknown}
 h - 2 scrolls of identify {@r1}
 j - 2 scrolls of fog {unknown}
 l - 2 scrolls of enchant armour {unknown}
Potions
 d - 3 potions of might
 g - a potion of stabbing {unknown}
 i - a potion of heal wounds {unknown}
 m - a potion of curing {unknown}
Comestibles
 e - 4 rations {!d}
 r - 3 chunks of flesh


   Skills:
 * Level 5.1 Fighting
 + Level 3.1 Maces & Flails
 - Level 3.2 Armour
 - Level 3.2 Shields


You had 3 spell levels left.
You didn't know any spells.
Your spell library was empty.

Dungeon Overview and Level Annotations

Branches:
Dungeon (2/15)

Altars:

Annotations:
D:2 Sigmund


Innate Abilities, Weirdness & Mutations

You are resistant to torment.
Your stone body is resilient. (AC +3)
You are immune to poison.
You resist negative energy. (rN+)
You are resistant to electric shocks. (rElec)
You can survive without breathing.
You are immune to petrification.
You are immune to rotting.


Message History

You closely miss something. Something hits you.
* * * LOW HITPOINT WARNING * * *
You miss something. Something hits you.
* * * LOW HITPOINT WARNING * * *
You sock something! Something hits you but does no damage.
You closely miss something. Something hits you but does no damage.
You hit something. You miss something. Something hits you but does no damage.
You hit something but do no damage. Something hits you but does no damage.
You closely miss something. Something hits you.
* * * LOW HITPOINT WARNING * * *
You closely miss something.
Unknown command.
You closely miss something. You block something's attack.
You barely miss something. Something hits you but does no damage.
You closely miss something. Something hits you.
* * * LOW HITPOINT WARNING * * *
Your shield and scale mail prevent you from hitting something.
Something hits you.
* * * LOW HITPOINT WARNING * * *
You miss something. Something hits you.
* * * LOW HITPOINT WARNING * * *
You hit something. Something hits you but does no damage.
You miss something. You closely miss something.
Sigmund appears from thin air!
Reactivating autopickup.
Sigmund hits you but does no damage.
You hit Sigmund. Sigmund hits you but does no damage.
You hit Sigmund. Sigmund casts a spell at you.
You are confused.
Sigmund barely misses you.
You closely miss Sigmund. You hit Sigmund. Sigmund completely misses you.
Sigmund hits you but does no damage.
You're too confused to move!
Sigmund casts a spell at you. The magic dart hits you.
You die...

#################
......@.@..>....#
###########.###.#
#...# #.#.#
###.#.# #
#.....#.# #
#.#...#.#.#
#.#.#......
#..÷....###


You could see Sigmund.

Vanquished Creatures
  A worker ant (D:2)
  An adder (D:2)
  An ooze (D:2)
  2 worms (D:2)
  2 leopard geckos (D:2)
  4 bats
  A giant cockroach (D:1)
  6 goblins
  5 hobgoblins
  4 jackals (D:2)
  4 kobolds
  2 quokkas (D:2)
  8 frilled lizards
  7 rats
48 creatures vanquished.

Notes
Turn   | Place    | Note
-------+----------+-------------------------------------------
     0 | D:1      | Notrik the Gargoyle Fighter began the quest for the Orb.
     0 | D:1      | Reached XP level 1. HP: 14/14 MP: 1/1
   343 | D:1      | Reached XP level 2. HP: 16/20 MP: 2/2
   456 | D:1      | Reached skill level 4 in Fighting
   835 | D:2      | Reached XP level 3. HP: 20/24 MP: 3/3
   985 | D:2      | Reached XP level 4. HP: 12/30 MP: 4/4
  1371 | D:2      | Reached skill level 5 in Fighting
  1467 | D:2      | Noticed Sigmund
  1493 | D:2      | HP: 1/31 [something (2)]
  1502 | D:2      | Killed from afar by Sigmund

Levels and vault maps discovered:
D:1:      dpeg_arrival_water_altar, layout_rooms, kennysheep_boxes
D:2:      layout_basic, palyth_stone_intersect, chequers_serial_rivers_micro_e,
          uniq_sigmund

Skill      XL: |  1  2  3  4 |
---------------+-------------+-----
Fighting       | 4 5 |  5.1
Maces & Flails | 3 |  3.1
Armour         | |  3.2
Shields        | |  3.2

Action                   |  1- 3 |  4- 6 || total
-------------------------+-------+-------++-------
Melee: Flail             |   149 |   108 ||   257
  Use: Scroll            |     1 |       ||     1
  Eat: Chunk             |     8 |     8 ||    16
Armor: Scale mail        |    85 |    80 ||   165
Dodge: Dodged            |    50 |    33 ||    83
Block: Kite shield       |    98 |    69 ||   167

Table legend:
 A = Non-vault XP
 B = Vault XP
 C = Vault XP percentage of total XP
 D = Non-vault monster count
 E = Vault monster count
 F = Vault count percentage of total count
                 A         B        C        D         E       F
            +---------+---------+-------+---------+---------+-------
      Total |     132 |       0 |   0.0 |      48 |       0 |   0.0
            +---------+---------+-------+---------+---------+-------
        D:1 |      29 |       0 |   0.0 |      19 |       0 |   0.0
        D:2 |     103 |       0 |   0.0 |      29 |       0 |   0.0
            +---------+---------+-------+---------+---------+-------
